 Dungeon Crawl Stone Soup version 0.21-a0-19-g210df22 (webtiles) character file.

146 Finntroll the Shooter (level 5, 0/49 HPs)
             Began as a Troll Hunter on May 22, 2017.
             Killed by nerve-wracking pain
             ... invoked by an orc priest
              (5 damage)
             ... on level 4 of the Dungeon on May 24, 2017.
             The game lasted 00:38:07 (2411 turns).

Finntroll the Shooter (Troll Hunter)                Turns: 2411, Time: 00:38:13

Health: 0/49       AC:  5    Str: 20    XL:     5   Next: 7%
Magic:  4/4        EV: 10    Int:  7    God:
Gold:   33         SH:  0    Dex: 11    Spells: 4/4 levels left

rFire    + . .     SeeInvis .   y - +0 halberd
rCold    + . .     Gourm    +   (shield currently unavailable)
rNeg     . . .     Faith    .   c - +0 robe
rPois    +         Spirit   .   (helmet restricted)
rElec    +         Reflect  .   (no cloak)
rCorr    +         Harm     .   (gloves unavailable)
MR       .....                  (boots unavailable)
Stlth    +.........             (no amulet)
Regen    0.6/turn               (no ring)
MPRegen  0.1/turn               (no ring)

@: resistant, hasted and slowed
A: unfitting armour, claws 3, fast metabolism 3, gourmand, regeneration 1,
shaggy fur 1, tough skin 2
a: no special abilities


You were on level 4 of the Dungeon.
You were full.

You visited 1 branch of the dungeon, and saw 4 of its levels.

You collected 33 gold pieces.

Inventory:

Hand Weapons
 a - a +1 shortbow
 b - a +0 short sword
 n - a +0 spear
 s - a +0 short sword
 y - a +0 halberd (weapon)
Missiles
 d - 26 arrows
Armour
 c - a +0 robe (worn)
 h - a cursed +0 ring mail
Jewellery
 g - a cursed ring of teleportation {unknown}
 m - a +5 ring of intelligence {unknown}
 o - an uncursed ring of magical power {unknown}
 A - a +4 ring of evasion {unknown}
Wands
 j - a wand of flame (35/48)
Scrolls
 e - 2 scrolls of teleportation {unknown}
 q - 3 scrolls of identify {unknown}
 r - a scroll of random uselessness {unknown}
 w - a scroll of magic mapping {unknown}
 B - a scroll of remove curse {unknown}
Potions
 i - a potion of haste
 k - a potion of agility
 l - a potion of mutation {unknown}
 p - a potion of lignification {unknown}
 u - a potion of might {unknown}
Comestibles
 f - 3 bread rations
 v - 3 fruits
 x - a meat ration


   Skills:
 + Level 2.1 Fighting
 + Level 1.0 Short Blades
 + Level 1.2 Polearms
 + Level 3.5 Bows
 + Level 1.9 Dodging
 + Level 0.7 Stealth


You had 4 spell levels left.
You didn't know any spells.

Dungeon Overview and Level Annotations

Branches:
Dungeon (4/15)
 Temple: D:4-7

Altars:


Innate Abilities, Weirdness & Mutations

You are too large for most types of armour.
You have claws for hands.
Your metabolism is lightning-fast.
You like to eat raw meat.
Your natural rate of healing is unusually fast.
You are covered in fur. (AC +1)
You have very tough skin. (AC +2)


Message History

The jackal bites you. x2
* * * LOW HITPOINT WARNING * * *
The orc priest closely misses you. The orc hits you.
* * * LOW HITPOINT WARNING * * *
The orc wizard hits you with a club.
* * * LOW HITPOINT WARNING * * *
The jackal barely misses you.
The orc priest hits you with a hand axe.
* * * LOW HITPOINT WARNING * * *
The orc barely misses you. The orc wizard barely misses you.
The jackal barely misses you. The orc barely misses you.
The orc priest hits you with a hand axe.
* * * LOW HITPOINT WARNING * * *
It was a potion of haste.
You feel yourself speed up. The jackal barely misses you.
The orc wizard mumbles some strange words.
The orc wizard blinks!
The orc barely misses you.
The orc priest calls down the wrath of Beogh upon you.
Pain shoots through your body!
You die...

.## ##.#....## .#
##.......### ..#
###..........#
...###............##
#..#...............#
..................##
.
###.<.............#
.# #...............#
. #...........@o..#
#...........o§h..#
#...............o#
#..........(.†...#
.................#
.....(...........#
..........(.....#
.(...........#
.............#


You could see an orc priest, an orc wizard, an orc and a jackal.

Vanquished Creatures
  An orc priest (D:3)
  An orc wizard (D:3)
  3 gnolls (D:3)
  An adder (D:2)
  A worm (D:3)
  A dart slug (D:1)
  2 leopard geckos
  4 orcs
  3 giant cockroaches
  6 goblins
  3 hobgoblins (D:1)
  4 jackals
  A quokka (D:3)
  2 bats (D:2)
  5 frilled lizards
  A giant cockroach zombie (D:1)
  4 kobolds
  A quokka zombie (D:1)
  3 rats (D:1)
47 creatures vanquished.

Notes
Turn   | Place    | Note
-------+----------+-------------------------------------------
     0 | D:1      | Finntroll the Troll Hunter began the quest for the Orb.
     0 | D:1      | Reached XP level 1. HP: 19/19 MP: 0/0
   290 | D:1      | Reached XP level 2. HP: 27/27 MP: 1/1
   305 | D:1      | Reached skill level 3 in Bows
   623 | D:2      | Reached XP level 3. HP: 30/35 MP: 2/2
  1123 | D:3      | Upgraded the game from 0.21-a0-2-ge494091 to 0.21-a0-13-g3fd62ac
  1123 | D:3      | Upgraded the game from 0.21-a0-13-g3fd62ac to 0.21-a0-19-g210df22
  1624 | D:3      | Reached XP level 4. HP: 5/42 MP: 3/3
  1769 | D:3      | Reached skill level 1 in Short Blades
  1769 | D:3      | Reached skill level 1 in Polearms
  1970 | D:3      | Reached XP level 5. HP: 48/49 MP: 4/4
  2411 | D:4      | Killed from afar by an orc priest

Vault maps used:
D:1:      saegor_arrival_fortress
D:2:      kb_forest_paths, columned_hall_lemuel
D:3:      first_bread
D:4:      kennysheep_little_box, nicolae_alphabet_shops

Skill      XL: |  1  2  3  4 |
---------------+-------------+-----
Bows           | 3 |  3.5
Short Blades   | 1 |  1.0
Polearms       | 1 |  1.2
Fighting       | 2 |  2.1
Dodging        | |  1.9
Stealth        | |  0.7

Action                   |  1- 3 |  4- 6 || total
-------------------------+-------+-------++-------
Melee: Short sword       |    41 |       ||    41
       Spear             |    37 |       ||    37
       Halberd           |       |    58 ||    58
 Fire: Shortbow          |    49 |    11 ||    60
  Use: Potion            |       |     5 ||     5
 Stab: Sleeping          |     1 |       ||     1
  Eat: Chunk             |     6 |     8 ||    14
       Meat ration       |     1 |       ||     1
       Bread ration      |     1 |       ||     1
       Fruit             |     1 |       ||     1
Armor: Robe              |    45 |    36 ||    81
Dodge: Dodged            |    55 |    57 ||   112
